 Dungeon Crawl Stone Soup version 0.23-b1-59-g586d0d887c (webtiles) character file.

Game seed: 1650385897891895096

252 MelsaHvarei the Poker (level 6, 39/44 HPs)
             Began as a Merfolk Skald on Feb 5, 2019.
             Got out of the dungeon alive.
             The game lasted 00:06:07 (1864 turns).

MelsaHvarei the Poker (Merfolk Skald)               Turns: 1864, Time: 00:06:08

Health: 39/44      AC:  4    Str:  9 (11) XL:     6   Next: 14%
Magic:  9/9        EV: 16    Int: 13      God:
Gold:   102        SH:  0    Dex: 15      Spells: 6/9 levels left

rFire    . . .     SeeInvis .   a - +0 spear
rCold    . . .     Gourm    .   (no shield)
rNeg     . . .     Faith    .   b - +0 leather armour
rPois    .         Spirit   .   (no helmet)
rElec    .         Reflect  .   (no cloak)
rCorr    .         Harm     .   (no gloves)
MR       .....                  n - +0 pair of boots
Stlth    +.........             (no amulet)
HPRegen  0.14/turn              l - ring of flight
MPRegen  0.11/turn              (no ring)

@: no status effects
A: change form in water, swift swim, stealthy swim, deterioration 1, sturdy
frame 1
a: Evoke Flight


You escaped.
You were hungry.

You visited 1 branch of the dungeon, and saw 2 of its levels.

You collected 102 gold pieces.

Inventory:

Hand Weapons
 a - a +0 spear (weapon)
 c - a +0 scythe
Armour
 b - a +0 leather armour (worn)
 n - a +0 pair of boots (worn)
Jewellery
 l - a ring of flight (left hand)
Scrolls
 h - a scroll of blinking {unknown}
 i - a scroll of teleportation
Potions
 e - a potion of curing
 f - a potion of flight {unknown}
Comestibles
 d - 2 rations


   Skills:
 - Level 2.1 Fighting
 + Level 6.8 Polearms
 - Level 0.6 Armour
 - Level 6.0 Dodging
 - Level 2.0 Spellcasting
 - Level 3.2 Charms


You had 6 spell levels left.
You knew the following spells:

 Your Spells              Type           Power        Failure   Level  Hunger
a - Infusion              Chrm           #...         7%          1    ##.....
b - Shroud of Golubria    Chrm/Tloc      #.........   22%         2    ###....

Your spell library contained the following spells:

 Spells                   Type           Power        Failure   Level  Hunger
 Song of Slaying          Chrm           #.......     11%         2    ###....
 Regeneration             Chrm/Necr      #.........   38%         3    ####...
 Spectral Weapon          Hex/Chrm       #.......     38%         3    ####...


Dungeon Overview and Level Annotations

Branches:
Dungeon (2/15)

Altars:
Qazlal
Uskayaw
Wu Jian


Innate Abilities, Weirdness & Mutations

You revert to your normal form in water You are very nimble and swift while swimming.
You are very stealthy in the water. (Stealth+)
Your body sometimes deteriorates upon taking damage.
Your movements are slightly less encumbered by armour. (ER -2)


Message History

No target in view!
No target in view!
No target in view!
You see here a worm corpse.
You now have 102 gold pieces (gained 10).
You see here a worm corpse.
Found a stone staircase leading down.
Found 23 stones.
Found an escape hatch in the ceiling.
A quokka comes into view.
A quokka is nearby!
The quokka twitches its whiskers.
There is an escape hatch in the ceiling here.
A mysterious force pulls you upwards. The hatch slams shut behind you.
You see here a +0 dagger.
There is a staircase leading out of the dungeon here.
You can't go down here!
Unknown command.
Are you sure you want to leave the Dungeon?
This will make you lose the game!
You have escaped!

...######.# ###.##.###
#####.....# #...##....
#.##### #.#.##.### #.#
#########.###..# ### #.#
#...........#'### ..#
#.# #......÷....#.#.##
#.# #.#
#...#..#[.#.#'##..
#.###.#
####........≈..'.....
#.#...#
#..#@....[...8.######
#.#.###
#.##........≈..'....#
#.#.#
##.##...#..#..#.#'##..
#.#.#
###...#...........#.#.##
#.#.#
#.....#...........#'#.##
#.#.#
#.#...#########.###.#.#
#.#.#
#.##)##.##....#...#...#
#.#.#
#.##.##.##....##).###.#
#.#)#
#.##.##.##....##..###.#


There were no monsters in sight!

Vanquished Creatures
  Sigmund (D:2)
  2 adders (D:2)
  2 oozes (D:1)
  4 worms (D:2)
  A dart slug (D:2)
  A leopard gecko (D:1)
  3 giant cockroaches (D:1)
  4 hobgoblins
  4 kobolds
  3 bats
  3 frilled lizards (D:1)
  11 goblins
  4 rats (D:1)
43 creatures vanquished.

Notes
Turn   | Place    | Note
-------+----------+-------------------------------------------
     0 | D:1      | MelsaHvarei the Merfolk Skald began the quest for the Orb.
     0 | D:1      | Reached XP level 1. HP: 16/16 MP: 3/3
   183 | D:1      | Reached XP level 2. HP: 16/22 MP: 0/5
   462 | D:1      | Reached XP level 3. HP: 27/27 MP: 0/6
   525 | D:1      | Learned a level 2 spell: Shroud of Golubria
  1099 | D:2      | Reached XP level 4. HP: 22/33 MP: 0/7
  1202 | D:2      | Found an ornate altar of the Wu Jian Council.
  1208 | D:2      | Found a stormy altar of Qazlal.
  1208 | D:2      | Found a hide-covered altar of Uskayaw.
  1261 | D:2      | Noticed Sigmund
  1292 | D:2      | Gained mutation: Your body sometimes deteriorates upon
                  | taking damage. [potion of mutation]
  1292 | D:2      | Gained mutation: Your movements are slightly less
                  | encumbered by armour. (ER -2) [potion of mutation]
  1306 | D:2      | Killed Sigmund
  1306 | D:2      | Reached skill level 5 in Dodging
  1306 | D:2      | Reached XP level 5. HP: 15/38 MP: 2/8
  1306 | D:2      | Reached XP level 6. HP: 18/44 MP: 2/9
  1864 | D:$      | Got out of the dungeon alive.

Skill      XL: |  1  2  3  4  5  6 |
---------------+-------------------+-----
Dodging        | 3 4 5 6 |  6.0
Polearms       | 4 6 |  6.8
Fighting       | |  2.1
Armour         | |  0.6
Spellcasting   | |  2.0
Charms         | |  3.2

Action                   |  1- 3 |  4- 6 || total
-------------------------+-------+-------++-------
Melee: Spear             |   133 |    94 ||   227
 Cast: Infusion          |     9 |     2 ||    11
       Shroud of Golubri |       |     2 ||     2
 Abil: Evoke Flight      |     1 |       ||     1
  Use: Scroll            |     2 |     2 ||     4
       Potion            |       |     4 ||     4
 Stab: Invisible         |       |     4 ||     4
       Sleeping          |       |     1 ||     1
  Eat: Chunk             |       |     3 ||     3
Armor: Leather armour    |    19 |     4 ||    23
       Skin              |       |     3 ||     3
Dodge: Dodged            |    49 |    33 ||    82
